 Dungeon Crawl Stone Soup version 0.26-a0-812-g31a745ddcd (webtiles) character file.

Game seed: 3004540971791346729

131 Azzok the Chopper (level 4, -4/35 HPs)
             Began as a Demonspawn Berserker on Nov 17, 2020.
             Was a Believer of Trog.
             Killed by nerve-wracking pain
             ... invoked by an orc priest
              (13 damage)
             ... on level 4 of the Dungeon.
             The game lasted 00:02:54 (3927 turns).

Azzok the Chopper (Demonspawn Berserker)            Turns: 3927, Time: 00:02:54

Health: -4/35      AC:  9    Str: 18    XL:     4   Next: 91%
Magic:  4/4        EV:  7    Int:  8    God:    Trog [**....]
Gold:   108        SH:  0    Dex: 13    Spells: 3/3 levels left

rFire    . . .     SeeInvis .   a - +0 hand axe
rCold    . . .     Faith    .   (no shield)
rNeg     . . .     Spirit   .   r - +0 chain mail
rPois    +         Reflect  .   (no helmet)
rElec    .         Harm     .   (no cloak)
rCorr    .         Rampage  .   (no gloves)
MR       .....                  (no boots)
Stlth    ..........             n - amulet of regeneration
HPRegen  0.51/turn              e - ring of poison resistance
MPRegen  0.09/turn              (no ring)

@: no status effects
A: sharp scales 1
a: Berserk, Trog's Hand, Renounce Religion


You were on level 4 of the Dungeon.
You worshipped Trog.
Trog was pleased with you.
You visited 1 branch of the dungeon, and saw 4 of its levels.

You collected 108 gold pieces.

Inventory:

Hand Weapons
 a - a +0 hand axe (weapon)
Missiles
 k - a throwing net (quivered)
Armour
 r - a +0 chain mail (worn)
Jewellery
 e - a ring of poison resistance (left hand)
 n - an amulet of regeneration (around neck)
Wands
 j - a wand of paralysis (7)
Scrolls
 c - a scroll of noise {unknown}
 d - 8 scrolls of identify {unknown}
 f - a scroll of magic mapping {unknown}
 h - a scroll of remove curse {unknown}
 i - 3 scrolls of teleportation {unknown}
 p - a scroll of fog {unknown}
Potions
 b - a potion of brilliance {unknown}
 g - a potion of attraction {unknown}
 m - a potion of heal wounds {unknown}
 o - a potion of lignification {unknown}
 q - a potion of curing {unknown}


   Skills:
 - Level 3.0 Fighting
 + Level 5.2 Axes
 - Level 1.7 Armour
 - Level 1.7 Dodging


You had 3 spell levels left.
You didn't know any spells.
Your spell library was empty.

Dungeon Overview and Level Annotations

Branches:
Dungeon (4/15)
 Temple: D:4-7

Altars:
Cheibriados
Gozag
Nemelex Xobeh
Vehumet
Xom


Innate Abilities, Weirdness & Mutations

You are partially covered in razor-sharp scales. (AC +1, Slay +1)


Message History

The orc priest calls down the wrath of Beogh upon you.
Beogh smites you!
Things that are here:
a +0 leather armour; a cursed -2 hand axe You are too injured to fight recklessly!
You are too injured to fight recklessly!
You hear some strange, mumbled words.
A magic dart appears from out of thin air!
Deactivating autopickup; reactivate with Ctrl-A.
The magic dart hits you.
The orc priest invokes the aid of Beogh against you.
Beogh smites you!
* * * LOW HITPOINT WARNING * * *
There is a stone staircase leading up here.
You hear some strange, mumbled words.
A magic dart appears from out of thin air!
The magic dart hits you but does no damage.
The orc priest mumbles some strange prayers to Beogh against you.
Pain shoots through your body!
You die...

·· ··· ▒[· ······
· ▒▒··▒▒▒▒▒······
··▒···▒·▒········
··········▒▒·····
▒··o··········
▒·▒▒············
········[········
········{@·······
·········▒▒·▒▒▒··
··▒··(···· ▒ ·
▒·▒▒▒▒··· ▒· ····
· ▒··▒▒ ··▒▒ ··


You could see an orc priest.

Vanquished Creatures
  Terence (D:3)
  3 adders
  2 oozes (D:2)
  A worm (D:3)
  A dart slug (D:2)
  3 leopard geckos
  4 orcs
  6 bats
  6 giant cockroaches
  7 goblins
  5 hobgoblins
  3 quokkas (D:3)
  3 frilled lizards
  8 kobolds
  9 rats
62 creatures vanquished.

Notes
Turn   | Place    | Note
-------+----------+-------------------------------------------
     0 | D:1      | Azzok the Demonspawn Berserker began the quest for the Orb.
     0 | D:1      | Reached XP level 1. HP: 18/18 MP: 1/1
   222 | D:1      | Reached skill level 3 in Axes
   234 | D:1      | Gained mutation: You are partially covered in razor-sharp
                  | scales. (AC +1, Slay +1) [demonic ancestry]
   234 | D:1      | Reached XP level 2. HP: 17/24 MP: 2/2
  1102 | D:2      | Reached XP level 3. HP: 15/29 MP: 3/3
  1398 | D:2      | Reached skill level 4 in Axes
  1584 | D:2      | Reached ** piety under Trog
  2225 | D:2      | Found a radiant altar of Vehumet.
  2300 | D:2      | Reached XP level 4. HP: 35/35 MP: 4/4
  2769 | D:3      | Found a shimmering altar of Xom.
  3218 | D:3      | Noticed Terence
  3225 | D:3      | Killed Terence
  3335 | D:3      | Found an opulent altar of Gozag.
  3335 | D:3      | Found a snail-covered altar of Cheibriados.
  3336 | D:3      | Found a sparkling altar of Nemelex Xobeh.
  3357 | D:3      | Reached skill level 5 in Axes
  3927 | D:4      | Killed from afar by an orc priest

Illustrated notes

Levels and vault maps discovered:
D:1:      dpeg_arrival_connections, layout_loops_ring
D:2:      layout_basic, vehumet_crystals
D:3:      layout_basic, nicolae_overflow_hidden_temple, xom_teletrap_fun,
          uniq_terence
D:4:      layout_cave_pools, old_standard_altar, old_standard_altar,
          nicolae_overflow_crystal_walls, serial_shops, nicolae_shop_waterfront,
          hangedman_decor_clover_reticule, small_statue_alley_b

Skill      XL: |  1  2  3  4 |
---------------+-------------+-----
Axes           | 3 4 5 |  5.2
Fighting       | |  3.0
Armour         | |  1.7
Dodging        | |  1.7

Action                   |  1- 3 |  4- 6 || total
-------------------------+-------+-------++-------
Melee: Hand axe          |   120 |    87 ||   207
Invok: Berserk           |     2 |       ||     2
 Stab: Sleeping          |     1 |     2 ||     3
Armor: Animal skin       |    32 |     4 ||    36
       Scale mail        |       |    24 ||    24
       Chain mail        |       |     2 ||     2
Dodge: Dodged            |    88 |    37 ||   125

Table legend: (Time is in decaauts)
 A = Elapsed time spent in this place.
 B = Non-inter-level travel time spent in this place.
 C = Inter-level travel time spent in this place.
 D = Time resting spent in this place.
 E = Time spent auto-exploring this place.
 F = Levels seen in this place.
 G = Mean time per level.
                   A        B        C        D        E       F      G
               +--------+--------+--------+--------+--------+-----+--------+
         Total |   3966 |   3876 |     90 |    524 |   2824 |   4 |  991.5 |
       Dungeon |   3966 |   3876 |     90 |    524 |   2824 |   4 |  991.5 |
               +--------+--------+--------+--------+--------+-----+--------+

Top non-repeatable levels by time:
     D:3: 1467 daAuts
     D:2: 1422 daAuts
     D:1: 1062 daAuts
     D:4: 14 daAuts
